[Event "23rd Alekhine FIDE 2019"]
[Site "Voronezh"]
[Date "2019.06.17"]
[Round "6.6"]
[White "Zakirov, Vladislav"]
[Black "Artemov, Nikita"]
[Result "0-1"]
[ECO "B56"]
[WhiteElo "2099"]
[BlackElo "2028"]
[Annotator "NA RC"]
[PlyCount "102"]
[EventDate "2019.06.12"]
[EventType "swiss"]
[EventCountry "RUS"]
[SourceTitle "playchess.com"]
[Source "ChessBase"]
[SourceQuality "1"]
[TimeControl "40/5400+30:1800+30"]

1. e4 c5 2. Nf3 d6 3. d4 cxd4 4. Nxd4 Nf6 5. Nc3 Nc6 6. h3 g6 7. g4 Bg7 8. Be3 a6 {[%emt 0:11:23] B72: Sicilian Dragon: 6 Be3, lines with h3+Bc4 and sidelines} 9. Bg2 (9. Qd2 h5 10. g5 Nd7 11. O-O-O O-O 12. f4 Nb6 13. Qf2 Nxd4 14. Bxd4 Bxd4 15. Qxd4 Be6 {½-½ (89) Amonatov,F (2620)-Mareco,S (2635) Doha 2016}) 9... Ne5 10. Qe2 Qc7 11. g5 $146 ({Predecessor:} 11. O-O-O e6 12. Rh2 O-O 13. g5 Ne8 14. h4 f5 15. gxf6 Nxf6 {0-1 (31) Martinez,A-Prieto Martinez,F Zaragoza 1990}) 11... Nh5 12. Nd5 Qa5+ 13. c3 Qd8 (13... Bd7 $11 {remains equal.}) 14. O-O-O e6 15. Nb4 O-O (15... Qc7 $1 $11 {remains equal.}) 16. f4 Nc6 17. Ndxc6 ({Much less strong is} 17. Nbxc6 bxc6 18. Nxc6 Qc7 $16) 17... bxc6 18. Qf2 a5 19. Nxc6 Qc7 20. e5 $1 d5 21. Nd4 a4 22. a3 Rb8 23. Bf3 Qc4 24. Bxh5 gxh5 25. Nc2 Ba6 26. Nb4 Rfc8 27. Nxa6 (27. Rd4 $16 Qe2 28. Rh2 (28. Nxa6 Qxa6 29. Qc2 Rb3 $11) 28... Qxf2 29. Rxf2) 27... Qxa6 28. Bc5 Qc4 29. Bb4 Qa2 30. Qc2 Bf8 31. Rh2 $2 (31. b3 $17 {was necessary.} Qxc2+ 32. Kxc2) 31... Bxb4 32. axb4 {[%emt 0:00:04] [#]} Rxb4 $3 33. cxb4 Rc4 34. Re2 a3 35. bxa3 Qxa3+ (35... Rxc2+ $2 36. Rxc2 Qa1+ 37. Kd2 $19) 36. Kb1 Rxc2 37. Kxc2 Qxb4 38. Rf1 Kg7 39. Rf3 Kg6 40. Ref2 Kf5 41. Kd3 Qb1+ 42. Ke3 Qd1 43. Re2 (43. Rf1 $142 d4+ 44. Kf2 Qc2+ 45. Kg3) 43... d4+ 44. Kf2 d3 45. Ree3 Qc2+ 46. Kg3 d2 47. Rf2 d1=Q 48. Rxc2 Qxc2 49. Rf3 Qe2 50. Rf2 {[%emt 0:00:09] [#]} h4+ 51. Kg2 Qxf2+ 0-1

[Event "23rd Alekhine FIDE 2019"]
[Site "Voronezh"]
[Date "2019.06.17"]
[Round "6.7"]
[White "Bujakevich, Aleksandr"]
[Black "Abramov, Ilya"]
[Result "1/2-1/2"]
[ECO "C06"]
[WhiteElo "2025"]
[BlackElo "2098"]
[Annotator "NA RC"]
[PlyCount "109"]
[EventDate "2019.06.12"]
[EventType "swiss"]
[EventCountry "RUS"]
[SourceTitle "playchess.com"]
[Source "ChessBase"]
[SourceQuality "1"]
[TimeControl "40/5400+30:1800+30"]

1. e4 e6 2. d4 d5 3. Nd2 Nf6 4. e5 Nfd7 5. Bd3 c5 6. c3 Nc6 7. Ne2 cxd4 8. cxd4 f6 9. exf6 Nxf6 10. Nf3 Bd6 11. O-O O-O 12. Bf4 Bxf4 13. Nxf4 Ng4 14. g3 g5 {[%emt 0:06:30] C06: French Tarrasch: 3...Nf6 4 e5 Nfd7 5 Bd3 main lines} 15. Ng2 (15. Nh3 e5 16. dxe5 h6 17. Re1 Kg7 18. Bb5 Ne7 19. e6 Nf6 20. Nd4 Qb6 21. Rc1 Ne4 22. Kg2 {1-0 (73) Bocharov,I (2565)-Volkov,S (2547) Kazan 2018}) 15... e5 16. dxe5 $146 ({Predecessor:} 16. Nxe5 Ncxe5 17. dxe5 Nxe5 18. Be2 Be6 19. Qd2 Nc6 20. Rad1 d4 21. b3 Kh8 22. f4 {1-0 (41) Low,G-Kaminik,A (2179) Bad Wiessee 1999}) 16... Ngxe5 17. Be2 Bh3 18. Nxe5 Nxe5 19. f4 Bxg2 20. Kxg2 gxf4 21. Rxf4 Rxf4 22. gxf4 Ng6 23. Qd4 Qd6 24. Rf1 Rf8 25. f5 Qe5 26. Qxe5 Nxe5 27. Kg3 Kg7 28. Kf4 Kf6 29. Rd1 Rd8 30. Rd4 Nc6 31. Rd3 d4 32. Rh3 Rd5 33. Bd3 Nb4 34. Be4 Rd7 35. a3 d3 36. axb4 d2 37. Bc2 d1=Q 38. Bxd1 Rxd1 39. Rh6+ Kg7 40. Re6 Rd2 41. Re7+ Kf6 42. Rxb7 Rxb2 43. h4 h5 44. Rb8 Rg2 45. Rf8+ Kg7 46. Ra8 Rg4+ 47. Ke5 Rxb4 48. Rxa7+ Kg8 49. Kf6 Rxh4 50. Ra8+ Kh7 51. Kg5 Rh1 52. f6 Rf1 53. Ra7+ Kg8 $11 54. Ra8+ Kf7 55. Ra7+ 1/2-1/2

[Event "23rd Alekhine FIDE 2019"]
[Site "Voronezh"]
[Date "2019.06.17"]
[Round "6.8"]
[White "Popov, Maksim"]
[Black "Mikhnenko, Alexander"]
[Result "0-1"]
[ECO "A06"]
[WhiteElo "2014"]
[BlackElo "2052"]
[Annotator "NA RC"]
[PlyCount "84"]
[EventDate "2019.06.12"]
[EventType "swiss"]
[EventCountry "RUS"]
[SourceTitle "playchess.com"]
[Source "ChessBase"]
[SourceQuality "1"]
[TimeControl "40/5400+30:1800+30"]

1. Nf3 d5 2. c4 e6 3. e3 dxc4 4. Bxc4 Nf6 5. a3 a6 6. Nc3 c5 7. d4 b5 8. Be2 {[%emt 0:00:10] D40: Queen's Gambit Declined: Semi-Tarrasch with 5 e3} (8. Ba2 Bb7 9. O-O Nbd7 10. Qe2 Qb8 11. Rd1 Bd6 12. h3 O-O 13. dxc5 Nxc5 14. b4 Ncd7 15. Bb2 Rc8 16. Rac1 Ne5 17. Nxe5 Bxe5 18. Bb1 {0-1 (46) Melkumyan,H (2670)-Yilmaz,M (2636) St Petersburg 2018}) 8... Bb7 9. O-O Nbd7 10. Qc2 (10. dxc5 $11 Bxc5 11. b4) 10... Rc8 11. Rd1 Qc7 12. Bd2 Bd6 $146 ({Predecessor:} 12... cxd4 13. Nxd4 Bd6 14. g3 O-O 15. Rac1 Ne5 16. Qb1 Qb8 {0-1 (32) Frost,E (1963)-Koehler,J (2181) ICCF email 2009}) 13. h3 O-O 14. Rac1 Rfd8 15. Qb1 Qb6 16. dxc5 Nxc5 17. b4 Nce4 18. Nxe4 Nxe4 19. Bd3 Rxc1 20. Rxc1 f5 21. Qb2 Nxd2 22. Nxd2 Bb8 23. Bb1 Qd6 24. Nf1 Rc8 25. Rxc8+ Bxc8 26. Qc2 Bb7 27. Ba2 Kf8 28. f4 Ba7 29. Kh1 Ke7 30. Qc3 Kf7 31. Ng3 Kg6 32. h4 $2 (32. Bb3 $11) 32... h6 33. Kh2 Kh7 34. Nh5 Qe7 35. Kh3 Qf7 36. Ng3 Qg6 $19 37. Kh2 Qg4 38. Qe1 Qxh4+ 39. Kg1 Qxf4 40. Nf1 Qe4 41. Qe2 Bd5 42. Bxd5 exd5 0-1

[Event "23rd Alekhine FIDE 2019"]
[Site "Voronezh"]
[Date "2019.06.17"]
[Round "6.14"]
[White "Ioffe, Evgeny"]
[Black "Mezhov, Dmitriy"]
[Result "0-1"]
[ECO "B22"]
[WhiteElo "2082"]
[BlackElo "1974"]
[Annotator "NA RC"]
[PlyCount "114"]
[EventDate "2019.06.12"]
[EventType "swiss"]
[EventCountry "RUS"]
[SourceTitle "playchess.com"]
[Source "ChessBase"]
[SourceQuality "1"]
[TimeControl "40/5400+30:1800+30"]

1. e4 c5 2. c3 d5 3. exd5 Qxd5 4. d4 Nc6 5. Nf3 Bg4 6. Be2 cxd4 7. cxd4 e6 8. h3 Bh5 9. Nc3 Qd7 10. Be3 Nf6 11. O-O Bd6 12. Qb3 {[%emt 0:04:32] B22: Sicilian: 2 c3} (12. Bg5 Nd5 13. Nxd5 exd5 14. Nh4 Bxe2 15. Qxe2+ Qe6 16. Qd3 O-O 17. Rfe1 Qd7 18. Nf5 Bc7 19. Qf3 f6 {0-1 (94) Senador,E (2326)-Chua,J (1725) Penang 2018}) 12... O-O 13. Rad1 Na5 14. Qb5 $146 ({Predecessor:} 14. Qc2 Bg6 15. Bd3 Bxd3 16. Qxd3 h6 17. Ne5 Qe7 18. Ne4 Nxe4 19. Qxe4 f5 {1-0 (70) Ankhbayar,B-Kozganbayev,E (2213) Kemer 2009}) 14... Qxb5 $1 15. Nxb5 Be7 16. g4 Bg6 17. Ne5 Nd5 18. Bd2 Nc6 19. Rfe1 a6 20. Nxc6 bxc6 21. Nc3 Nb4 22. Be3 Rfd8 23. Rd2 c5 24. Bf3 Rab8 25. d5 (25. Red1 $11) 25... Nd3 {[%emt 0:00:17] Discovered Attack} 26. Ree2 Ne5 27. Bg2 Nc4 28. Bf4 Bd6 29. Bxd6 Rxd6 30. Rd1 Nxb2 31. Ra1 Nd3 32. dxe6 Rxe6 33. Rxe6 fxe6 34. Be4 Bxe4 35. Nxe4 c4 36. Kg2 Rc8 37. Nc3 Rf8 38. Ne4 {[%emt 0:01:39] [#]} (38. Rf1 $17 {is a better defense.}) 38... c3 (38... Rf4 $1 $19 39. Nc3 Rxf2+ 40. Kg3 h6) 39. Nxc3 Rxf2+ 40. Kg3 Rc2 41. Ne4 Nc5 42. Nxc5 Rxc5 43. Re1 Kf7 44. Re2 g5 45. Re3 {[%emt 0:00:51] [#]} e5 (45... Ra5 $1 $17 46. Rf3+ Ke7) 46. h4 gxh4+ 47. Kxh4 Ra5 48. a3 (48. Kg5 $11 {keeps the balance.}) 48... Kf6 49. g5+ {[%emt 0:02:22] [#]} Kg6 $1 50. Re4 Kf5 51. Rc4 e4 52. Rc7 e3 53. Rf7+ Ke4 54. Rf1 e2 55. Rh1 Rxa3 56. Kh5 Rg3 57. Kh6 Ke5 (57... Ke3 ) 0-1

[Event "23rd Alekhine FIDE 2019"]
[Site "Voronezh"]
[Date "2019.06.18"]
[Round "7.6"]
[White "Stepochkin, Fedor"]
[Black "Manukovsky, Vladimir"]
[Result "1-0"]
[ECO "B90"]
[WhiteElo "1929"]
[BlackElo "2107"]
[Annotator "NA"]
[PlyCount "48"]
[EventDate "2019.06.12"]
[EventType "swiss"]
[EventCountry "RUS"]
[SourceTitle "playchess.com"]
[Source "ChessBase"]
[SourceQuality "1"]
[TimeControl "40/5400+30:1800+30"]

1. e4 c5 2. Nf3 d6 3. d4 cxd4 4. Nxd4 Nf6 5. Nc3 a6 6. a4 b6 7. Bd3 Bb7 8. O-O e6 9. Be3 Be7 10. f4 Nbd7 11. Nb3 O-O 12. Qe2 Qc7 13. h3 Rfd8 14. f5 Ne5 15. Qf2 Nfd7 16. Nd4 Nc5 17. Qg3 Kh8 18. fxe6 Bf6 19. Nd5 Bxd5 20. exd5 fxe6 21. dxe6 Ncxd3 22. cxd3 Nxd3 23. Rad1 Nxb2 24. Rc1 Qb7 1-0

[Event "23rd Alekhine FIDE 2019"]
[Site "Voronezh"]
[Date "2019.06.18"]
[Round "7.8"]
[White "Abramov, Ilya"]
[Black "Gutkovich, Polina"]
[Result "1-0"]
[ECO "A65"]
[WhiteElo "2098"]
[BlackElo "2029"]
[Annotator "NA"]
[PlyCount "115"]
[EventDate "2019.06.12"]
[EventType "swiss"]
[EventCountry "RUS"]
[SourceTitle "playchess.com"]
[Source "ChessBase"]
[SourceQuality "1"]
[TimeControl "40/5400+30:1800+30"]

1. d4 Nf6 2. c4 c5 3. d5 e6 4. Nc3 exd5 5. cxd5 d6 6. e4 g6 7. Bd3 Bg7 8. h3 O-O 9. Nf3 Na6 10. O-O Nc7 11. Re1 a6 12. a4 Rb8 13. a5 Bd7 14. Bf4 Bb5 15. Bc2 b6 16. Nd2 bxa5 17. Bh2 Re8 18. f4 Nd7 19. Kh1 Nb6 20. Rxa5 Nc4 21. Nxc4 Bxc4 22. Ra4 Bb5 23. Ra1 Bd7 24. e5 Rxb2 25. Ne4 dxe5 26. Nd6 Rf8 27. fxe5 Nxd5 28. Nxf7 Qe7 29. Nd6 Nf4 30. Nc4 Rb4 31. Re4 Nxh3 32. gxh3 Bc6 33. Qg4 Kh8 34. Kg1 Bxe4 35. Qxe4 Qe6 36. Bd3 Qxh3 37. Rf1 Rd8 38. e6 Re8 39. Qc6 Qxe6 40. Nd6 Qe3+ 41. Kh1 Rf8 42. Nf7+ Rxf7 43. Qc8+ Bf8 44. Rxf7 Qe1+ 45. Rf1 Qe7 46. Qxf8+ Qxf8 47. Rxf8+ Kg7 48. Rc8 Rb6 49. Rxc5 h5 50. Be5+ Kh6 51. Kg2 Re6 52. Kf3 Rb6 53. Rc7 Kg5 54. Rc5 Kh6 55. Kf4 Rb4+ 56. Be4 Rb6 57. Rc8 g5+ 58. Kf5 1-0

[Event "23rd Alekhine FIDE 2019"]
[Site "Voronezh"]
[Date "2019.06.18"]
[Round "7.9"]
[White "Peschansky, Mikhail"]
[Black "Bujakevich, Aleksandr"]
[Result "1-0"]
[ECO "A28"]
[WhiteElo "2075"]
[BlackElo "2025"]
[Annotator "NA"]
[PlyCount "51"]
[EventDate "2019.06.12"]
[EventType "swiss"]
[EventCountry "RUS"]
[SourceTitle "playchess.com"]
[Source "ChessBase"]
[SourceQuality "1"]
[TimeControl "40/5400+30:1800+30"]

1. c4 e5 2. Nc3 Nf6 3. Nf3 Nc6 4. e3 Be7 5. d4 exd4 6. Nxd4 O-O 7. Be2 Nxd4 8. Qxd4 d6 9. b3 Re8 10. Bb2 Bf8 11. h4 Bd7 12. Bf3 Bc6 13. h5 h6 14. Nd5 Nd7 15. O-O-O Ne5 16. Be2 Bxd5 17. cxd5 c5 18. dxc6 bxc6 19. Rh3 Qb6 20. Qc3 d5 21. Rg3 f6 22. f4 Bb4 23. Qc2 Nd7 24. Qg6 Re7 25. Bd3 Kf8 26. Qh7 1-0

[Event "23rd Alekhine FIDE 2019"]
[Site "Voronezh"]
[Date "2019.06.18"]
[Round "7.11"]
[White "Khajrutdinov, Ildar"]
[Black "Polukhin, Alexander"]
[Result "1/2-1/2"]
[ECO "A52"]
[WhiteElo "2063"]
[BlackElo "1968"]
[Annotator "NA"]
[PlyCount "79"]
[EventDate "2019.06.12"]
[EventType "swiss"]
[EventCountry "RUS"]
[SourceTitle "playchess.com"]
[Source "ChessBase"]
[SourceQuality "1"]
[TimeControl "40/5400+30:1800+30"]

1. d4 Nf6 2. c4 e5 3. dxe5 Ng4 4. Nf3 Bc5 5. e3 Nc6 6. Be2 Ngxe5 7. Nc3 O-O 8. O-O d6 9. Na4 Bb6 10. Nxb6 axb6 11. Nxe5 Nxe5 12. f4 Nd7 13. Bf3 f5 14. Bd2 Qe7 15. Re1 Nc5 16. Bc3 Ne4 17. Qd4 Rf7 18. Bxe4 Qxe4 19. Qxe4 fxe4 20. b3 Be6 21. Red1 Rd7 22. Rd2 d5 23. cxd5 Rxd5 24. Rxd5 Bxd5 25. Rd1 c6 26. Rd2 g6 27. g4 Rf8 28. Kf2 b5 29. Kg3 Rf7 30. Bb4 Kg7 31. g5 Rd7 32. Bc5 Be6 33. Bd4+ Kf7 34. Rc2 Rd8 35. h4 Rd5 36. Rc5 Rxc5 37. Bxc5 Bf5 38. Kf2 Ke6 39. Ke1 Kd5 40. Bf8 1/2-1/2

[Event "23rd Alekhine FIDE 2019"]
[Site "Voronezh"]
[Date "2019.06.18"]
[Round "7.12"]
[White "Denishev, Marat"]
[Black "Chernov, Vladimir S"]
[Result "1/2-1/2"]
[ECO "A06"]
[WhiteElo "2196"]
[BlackElo "1999"]
[Annotator "NA"]
[PlyCount "118"]
[EventDate "2019.06.12"]
[EventType "swiss"]
[EventCountry "RUS"]
[SourceTitle "playchess.com"]
[Source "ChessBase"]
[SourceQuality "1"]
[TimeControl "40/5400+30:1800+30"]

1. Nf3 d5 2. e3 Nf6 3. c4 c6 4. d4 Bg4 5. Nbd2 Nbd7 6. b3 e5 7. dxe5 Nxe5 8. Qc2 Nxf3+ 9. gxf3 Bh5 10. Bb2 Bb4 11. Bc3 Qa5 12. Bxb4 Qxb4 13. a3 Qe7 14. cxd5 Nxd5 15. Qe4 Rd8 16. Qxe7+ Kxe7 17. Rg1 Bg6 18. Rc1 Nb6 19. Ne4 Bxe4 20. fxe4 g6 21. a4 Nd7 22. Rc3 Nf6 23. f3 Rd7 24. Bh3 Rc7 25. Ke2 Rd8 26. b4 Nd7 27. Rgc1 Nb6 28. a5 Nd7 29. a6 Nb8 30. b5 bxa6 31. bxc6 Rd6 32. Rb1 Rdxc6 33. Rxc6 Nxc6 34. f4 Nd8 35. Rb2 Nb7 36. e5 a5 37. Bg2 Nc5 38. Bd5 a4 39. e4 Ne6 40. Ke3 Rc3+ 41. Kd2 a3 42. Rb4 Rc7 43. Ke3 Rc3+ 44. Kd2 Rc7 45. Ke3 Nc5 46. Rb5 Na4 47. Ra5 Nc3 48. Rxa3 Nxd5+ 49. exd5 Rb7 50. Kd4 Rb4+ 51. Kc5 Rxf4 52. Rxa7+ Kf8 53. Kd6 Re4 54. e6 fxe6 55. dxe6 Rd4+ 56. Ke5 Rh4 57. Rf7+ Ke8 58. Rf2 Ke7 59. Rf7+ Ke8 1/2-1/2

[Event "23rd Alekhine FIDE 2019"]
[Site "Voronezh"]
[Date "2019.06.18"]
[Round "7.13"]
[White "Zhileykin, Andrey"]
[Black "Khripachenko, Alexander"]
[Result "1/2-1/2"]
[ECO "B50"]
[WhiteElo "2193"]
[BlackElo "1838"]
[Annotator "NA"]
[PlyCount "165"]
[EventDate "2019.06.12"]
[EventType "swiss"]
[EventCountry "RUS"]
[SourceTitle "playchess.com"]
[Source "ChessBase"]
[SourceQuality "1"]
[TimeControl "40/5400+30:1800+30"]

1. e4 c5 2. Nf3 d6 3. Nc3 Nf6 4. e5 dxe5 5. Nxe5 Nbd7 6. d4 e6 7. Be3 Nxe5 8. dxe5 Nd5 9. Nxd5 exd5 10. c4 d4 11. Bf4 Qb6 12. Qd2 Be7 13. Bd3 Be6 14. O-O O-O-O 15. Rfb1 Rdg8 16. Qe1 f6 17. b4 cxb4 18. a3 fxe5 19. Bxe5 a5 20. Bxd4 Qxd4 21. Qxe6+ Qd7 22. Bf5 Qxe6 23. Bxe6+ Kc7 24. Bxg8 Rxg8 25. Re1 Bf6 26. axb4 Bxa1 27. Rxa1 axb4 28. Ra4 Rd8 29. Kf1 b3 30. Rb4 Rd4 31. Ke2 b2 32. Ke3 b1=Q 33. Rxb1 Rxc4 34. Kd3 Rf4 35. Re1 Rxf2 36. Re7+ Kc6 37. Rxg7 h5 38. h4 b5 39. g3 b4 40. Kc4 Kd6 41. Rg5 Rf3 42. Kxb4 Ke6 43. Kc4 Rf5 44. Rg8 Kf7 45. Rd8 Rf1 46. Rd5 Kg6 47. Rg5+ Kh6 48. Kd4 Rf3 49. Ke4 Rf1 50. Ra5 Kg6 51. Ra6+ Kg7 52. Rb6 Rf2 53. Rb5 Kg6 54. Rg5+ Kh6 55. Rf5 Ra2 56. Rf6+ Kg7 57. Rd6 Rf2 58. Rd3 Kg6 59. Re3 Kf6 60. Rd3 Kg6 61. Rd6+ Kg7 62. Rd5 Kg6 63. Ke3 Rf1 64. Rd8 Kg7 65. Ke2 Rf6 66. Re8 Kh7 67. Ke3 Rf1 68. Rc8 Kg7 69. Ke4 Rf2 70. Rc1 Kg6 71. Re1 Rf8 72. Rb1 Rf2 73. Rb3 Rf1 74. Rb6+ Kg7 75. Rb5 Kg6 76. Rg5+ Kh6 77. Rf5 Re1+ 78. Kf4 Rf1+ 79. Ke5 Re1+ 80. Kf6 Ra1 81. Re5 Rf1+ 82. Rf5 Ra1 83. Rf3 1/2-1/2

[Event "23rd Alekhine FIDE 2019"]
[Site "Voronezh"]
[Date "2019.06.18"]
[Round "7.14"]
[White "Neklyudov, Taras"]
[Black "Shaydullina, Sandugach"]
[Result "1/2-1/2"]
[ECO "B34"]
[WhiteElo "1921"]
[BlackElo "2128"]
[Annotator "ChessBase"]
[PlyCount "44"]
[EventDate "2019.06.12"]
[EventType "swiss"]
[EventCountry "RUS"]
[SourceTitle "playchess.com"]
[Source "ChessBase"]
[SourceQuality "1"]
[TimeControl "40/5400+30:1800+30"]

1. e4 c5 2. Nf3 Nc6 3. d4 cxd4 4. Nxd4 Nf6 5. Nc3 e5 6. Ndb5 d6 7. Nd5 Nxd5 8. exd5 Ne7 9. c4 Ng6 10. Qa4 Bd7 11. h4 h5 12. Qb4 Bf5 13. Qa4 Bd7 14. Qb4 Bf5 15. Qa4 Bd7 16. Qb4 Bf5 17. Qa4 Bd7 18. Qb4 Bf5 19. Qa4 Bd7 20. Qb4 Bf5 21. Qa4 Bd7 22. Qb4 Bf5 1/2-1/2

[Event "23rd Alekhine FIDE 2019"]
[Site "Voronezh"]
[Date "2019.06.19"]
[Round "8.1"]
[White "Vasiljev, Ilya"]
[Black "Ashutosh, Kumar"]
[Result "1/2-1/2"]
[ECO "B34"]
[WhiteElo "1762"]
[BlackElo "1852"]
[Annotator "NA"]
[PlyCount "80"]
[EventDate "2019.06.12"]
[EventType "swiss"]
[EventCountry "RUS"]
[SourceTitle "playchess.com"]
[Source "ChessBase"]
[SourceQuality "1"]
[TimeControl "40/5400+30:1800+30"]

1. e4 c5 2. Nf3 Nc6 3. d4 cxd4 4. Nxd4 g6 5. Nc3 Bg7 6. Be3 Nf6 7. Nxc6 bxc6 8. e5 Ng8 9. Bd4 Nh6 10. e6 f6 11. exd7+ Bxd7 12. Bc4 Nf7 13. O-O O-O 14. Re1 Re8 15. Ne4 Bf5 16. Ng3 Bc8 17. Qd3 Qc7 18. Qb3 e5 19. Bc5 Bf8 20. Ne4 Kg7 21. Bxf8+ Rxf8 22. Rad1 Bg4 23. f3 Rab8 24. Qe3 Bc8 25. Bb3 Nh6 26. c3 Bf5 27. Nc5 Rbd8 28. Ba4 Bc8 29. b4 Nf5 30. Qe2 Ne7 31. Bb3 Nd5 32. Bxd5 Rxd5 33. Rxd5 cxd5 34. Qf2 Rd8 35. Rd1 Qb6 36. Nb3 Bf5 37. Qc5 Bc2 38. Rd2 Bxb3 39. axb3 Kf7 40. Ra2 Rd7 1/2-1/2

[Event "23rd Alekhine FIDE 2019"]
[Site "Voronezh"]
[Date "2019.06.19"]
[Round "8.2"]
[White "Beldyugin, Alexey"]
[Black "Artemov, Nikita"]
[Result "1-0"]
[ECO "A15"]
[WhiteElo "2126"]
[BlackElo "2028"]
[Annotator "NA"]
[PlyCount "103"]
[EventDate "2019.06.12"]
[EventType "swiss"]
[EventCountry "RUS"]
[SourceTitle "playchess.com"]
[Source "ChessBase"]
[SourceQuality "1"]
[TimeControl "40/5400+30:1800+30"]

1. c4 Nf6 2. g3 g6 3. Bg2 Bg7 4. Nc3 O-O 5. d4 c5 6. d5 d6 7. e4 e6 8. Nge2 exd5 9. cxd5 Re8 10. O-O b5 11. e5 Rxe5 12. Bf4 Re8 13. Nxb5 Ba6 14. a4 Nh5 15. Bc1 Bxb5 16. axb5 Nd7 17. Nc3 f5 18. Bf3 Nhf6 19. Re1 Ne5 20. Bg2 c4 21. Be3 Nd3 22. Re2 Ng4 23. Bxa7 Rxa7 24. Rxa7 Bd4 25. Rxe8+ Qxe8 26. Qe2 Bxf2+ 27. Kh1 Be3 28. Bf3 Qe5 29. Ra8+ Kg7 30. Bxg4 fxg4 31. b6 Bxb6 32. Qxe5+ Nxe5 33. Ra6 Bd4 34. Rxd6 Nd3 35. Rd7+ Kf6 36. Rxh7 Nxb2 37. Nb5 Bb6 38. Rb7 Ba5 39. Nd4 c3 40. d6 Nd3 41. d7 Ne5 42. Ra7 Bb6 43. Rb7 Ba5 44. Kg2 Ke7 45. Rb5 Bc7 46. Rxe5+ Bxe5 47. Nc6+ Kxd7 48. Nxe5+ Ke6 49. Nd3 Kd5 50. Kf2 Kd4 51. Ke2 Ke4 52. Nf2+ 1-0

[Event "23rd Alekhine FIDE 2019"]
[Site "Voronezh"]
[Date "2019.06.19"]
[Round "8.3"]
[White "Eliseev, Mikhail"]
[Black "Stepochkin, Fedor"]
[Result "1-0"]
[ECO "C17"]
[WhiteElo "2169"]
[BlackElo "1929"]
[Annotator "NA"]
[PlyCount "59"]
[EventDate "2019.06.12"]
[EventType "swiss"]
[EventCountry "RUS"]
[SourceTitle "playchess.com"]
[Source "ChessBase"]
[SourceQuality "1"]
[TimeControl "40/5400+30:1800+30"]

1. e4 e6 2. d4 d5 3. Nc3 Bb4 4. e5 c5 5. Bd2 Ne7 6. Nb5 Bxd2+ 7. Qxd2 O-O 8. f4 Bd7 9. dxc5 Bxb5 10. Bxb5 a6 11. Bd3 Nd7 12. Nf3 Nxc5 13. O-O-O f6 14. exf6 Rxf6 15. Kb1 Qc7 16. g3 h6 17. Rhe1 Rc8 18. Ne5 Nf5 19. g4 Nd6 20. g5 hxg5 21. fxg5 Nxd3 22. cxd3 Rf5 23. g6 Nb5 24. Rc1 Qb8 25. Rxc8+ Qxc8 26. Qe3 Rh5 27. Qf3 Rxh2 28. Rc1 Qd8 29. Qf7+ Kh8 30. Qxe6 1-0

[Event "23rd Alekhine FIDE 2019"]
[Site "Voronezh"]
[Date "2019.06.19"]
[Round "8.4"]
[White "Peschansky, Mikhail"]
[Black "Gorshkov, Yury S."]
[Result "0-1"]
[ECO "A10"]
[WhiteElo "2075"]
[BlackElo "2103"]
[Annotator "NA"]
[PlyCount "72"]
[EventDate "2019.06.12"]
[EventType "swiss"]
[EventCountry "RUS"]
[SourceTitle "playchess.com"]
[Source "ChessBase"]
[SourceQuality "1"]
[TimeControl "40/5400+30:1800+30"]

1. c4 g6 2. Nf3 Bg7 3. g3 c5 4. Bg2 Nc6 5. O-O e5 6. Nc3 Nge7 7. Ne1 a6 8. d3 Rb8 9. Bg5 f6 10. Bd2 b5 11. Nc2 O-O 12. cxb5 axb5 13. b4 d6 14. Rb1 Be6 15. bxc5 dxc5 16. Rxb5 Rxb5 17. Nxb5 Bxa2 18. Ne3 Nd4 19. Nc3 Bb3 20. Qc1 f5 21. Ned1 Be6 22. Qa3 h6 23. Be3 c4 24. Qa6 Qc8 25. Bb7 Qd7 26. dxc4 Kh7 27. c5 Ndc6 28. Nb5 f4 29. Bc1 Bh3 30. Re1 Qd5 31. e4 Qxc5 32. Ba3 Qc2 33. Bxc6 fxg3 34. hxg3 Qd2 35. Nbc3 Qxe1+ 36. Kh2 Bg4 0-1

[Event "23rd Alekhine FIDE 2019"]
[Site "Voronezh"]
[Date "2019.06.19"]
[Round "8.5"]
[White "Tatarintsev, Egor"]
[Black "Abramov, Ilya"]
[Result "1-0"]
[ECO "C00"]
[WhiteElo "2001"]
[BlackElo "2098"]
[Annotator "NA"]
[PlyCount "85"]
[EventDate "2019.06.12"]
[EventType "swiss"]
[EventCountry "RUS"]
[SourceTitle "playchess.com"]
[Source "ChessBase"]
[SourceQuality "1"]
[TimeControl "40/5400+30:1800+30"]

1. e4 e6 2. d3 d5 3. Nd2 Nf6 4. Ngf3 Nc6 5. Be2 dxe4 6. dxe4 Bc5 7. O-O O-O 8. c3 a5 9. Qc2 e5 10. Nc4 Qe7 11. h3 Nh5 12. Kh2 f5 13. Bg5 Qe8 14. Rad1 Be7 15. Bxe7 Qxe7 16. Ne3 Nf4 17. Bc4+ Kh8 18. Nd5 Nxd5 19. Bxd5 f4 20. Bxc6 bxc6 21. Qa4 Qc5 22. Qa3 Qxa3 23. bxa3 Re8 24. Rd2 h6 25. Rfd1 Kh7 26. Rd8 Bb7 27. R8d7 c5 28. Rxc7 Bxe4 29. Rdd7 Bxf3 30. Rxg7+ Kh8 31. gxf3 Rab8 32. Rh7+ Kg8 33. Rxh6 Rb2 34. Rg6+ Kh8 35. Rh6+ Kg8 36. Kg2 Rxa2 37. h4 Rxa3 38. h5 Rxc3 39. Rg6+ Kh8 40. Rh6+ Kg8 41. Rhh7 Re6 42. Rhd7 Rf6 43. h6 1-0

[Event "23rd Alekhine FIDE 2019"]
[Site "Voronezh"]
[Date "2019.06.19"]
[Round "8.6"]
[White "Skvortsov, Andrei"]
[Black "Bukatin, Arseny"]
[Result "1/2-1/2"]
[ECO "A00"]
[WhiteElo "2123"]
[BlackElo "2024"]
[Annotator "NA"]
[PlyCount "146"]
[EventDate "2019.06.12"]
[EventType "swiss"]
[EventCountry "RUS"]
[SourceTitle "playchess.com"]
[Source "ChessBase"]
[SourceQuality "1"]
[TimeControl "40/5400+30:1800+30"]

1. Nc3 d5 2. e4 d4 3. Nce2 e5 4. d3 Nc6 5. f4 Bd6 6. Nf3 Bg4 7. fxe5 Nxe5 8. Nexd4 c5 9. h3 cxd4 10. hxg4 Nxg4 11. e5 Nxe5 12. Qe2 Nf6 13. Bf4 O-O 14. Nxe5 Bxe5 15. Bxe5 Qa5+ 16. b4 Qxb4+ 17. Kf2 Rfe8 18. Kg1 Re6 19. Rh4 Rae8 20. Rxd4 Qc5 21. Qf2 Rxe5 22. Rc4 Qa5 23. a4 h5 24. Rb1 Ng4 25. Qf3 b6 26. d4 Re3 27. Qf4 R3e4 28. Qg3 Qd2 29. Qf3 Rxd4 30. Rc3 Rf4 31. Rd3 Qxc2 32. Qxf4 Qxb1 33. Rf3 Qg6 34. Rd3 Qf6 35. Qd2 g6 36. g3 Ne5 37. Qe2 Kg7 38. Re3 Re6 39. Bh3 Re7 40. Bg2 Qd6 41. Kh1 f6 42. Bh3 Rc7 43. Kh2 Qc5 44. Qe1 Qc2+ 45. Kg1 Qc1 46. Bg2 Qxe1+ 47. Rxe1 Rc4 48. Ra1 Kh6 49. a5 Kg5 50. axb6 axb6 51. Rb1 Ng4 52. Bb7 Rc3 53. Rb5+ f5 54. Kg2 Rc2+ 55. Kg1 h4 56. gxh4+ Kxh4 57. Rxb6 g5 58. Rb3 f4 59. Be4 Rc1+ 60. Kg2 Ne3+ 61. Kf3 Rc4 62. Rb8 g4+ 63. Kxf4 Ng2+ 64. Ke5 Kg3 65. Rb3+ Kh2 66. Rb2 Rxe4+ 67. Kxe4 Kg3 68. Rb3+ Kf2 69. Kf5 g3 70. Kg4 Ne3+ 71. Kh3 g2 72. Rb2+ Kf1 73. Rxg2 Nxg2 1/2-1/2